[Event "ICC tourney 2050 (75 10)"]
[Site "Internet Chess Club"]
[Date "2020.10.11"]
[Round "6"]
[White "SkyAngel"]
[Black "InfernoKing"]
[Result "1-0"]
[ICCResult "Black resigns"]
[WhiteElo "2186"]
[BlackElo "2147"]
[Opening "Ruy Lopez: closed defense"]
[ECO "C84"]
[NIC "RL.13"]
[Time "14:47:16"]
[TimeControl "4500+10"]

1. e4 e5 2. Nf3 Nc6 3. Bb5 a6 4. Ba4 Nf6 5. O-O Be7 6. d3 b5 7. Bb3 O-O 8.
Nc3 d6 9. a3 Bg4 10. Be3 Nd4 11. Bxd4 exd4 12. Nd5 c6 13. h3 Be6 14. Nxe7+
Qxe7 15. Bxe6 fxe6 16. Nxd4 c5 17. Nf3 e5 18. Qd2 Nh5 19. Qg5 Qf7 20. Nh4
Nf4 21. Nf5 Qf6 22. Qxf6 Rxf6 23. Kh2 g6 24. Ne3 Raf8 25. Ng4 Re6 26. g3 h5
27. Ne3 Ne2 28. c3 Ref6 29. Kg2 Rf3 30. Rae1 Nd4 31. cxd4 cxd4 32. Nd5 Rxd3
33. Rd1 Rb3 34. Rd2 h4 35. gxh4 Rff3 36. Rh1 Kg7 37. Rc2 a5 38. Nc7 Kf7 39.
Nxb5 Ke6 40. Nc7+ Kf7 41. Nd5 Kg7 42. Rc6 Rf7 43. Rc7 Rxc7 44. Nxc7 Rxb2 45.
Ne8+ Kf7 46. Nxd6+ Ke6 47. Nc4 Re2 48. Kf3 Rc2 49. Nxa5 Rc3+ 50. Ke2 Rxa3
51. Nc4 Ra2+ 52. Nd2 Ra3 53. Rg1 Rxh3 54. Rxg6+ Kf7 55. Rd6 Rxh4 56. Kd3 Rh1
57. f3 Rc1 58. Ra6 Rc3+ 59. Ke2 Ke7 60. Rb6 Re3+ 61. Kf2 Rc3 62. Rb3 Rc6 63.
Ke2 Kf6 64. Kd3 Kg5 65. Nc4 Kf4 66. Rb6 Rxb6 67. Nxb6 Kxf3 68. Nd7 Kf4 69.
Nc5 Kf3 70. Kc4 Ke3 71. Kd5 Kf4 72. Nd3+ Ke3 73. Nxe5 d3 74. Nxd3 Kxd3 75.
e5 {Black resigns} 1-0

[Event "ICC tourney 2050 (75 10)"]
[Site "Internet Chess Club"]
[Date "2020.10.11"]
[Round "6"]
[White "profofchess"]
[Black "funplaychess"]
[Result "1-0"]
[ICCResult "Black resigns"]
[WhiteElo "2366"]
[BlackElo "2330"]
[Opening "Sicilian"]
[ECO "B50"]
[NIC "SI.01"]
[Time "14:47:18"]
[TimeControl "4500+10"]

1. e4 c5 2. Nf3 d6 3. c3 Nf6 4. Bc4 Nxe4 5. Qa4+ Nd7 6. Bxf7+ Kxf7 7. Qxe4
e6 8. d4 Be7 9. O-O h6 10. Re1 Nf6 11. Qd3 b6 12. Bf4 Re8 13. Na3 Bf8 14.
Rad1 cxd4 15. Qxd4 Bb7 16. Bxd6 Bxf3 17. gxf3 Nd5 18. Bxf8 Rxf8 19. Kh1 Qf6
20. Qxf6+ Kxf6 21. Nc4 Rad8 22. Ne5 Kf5 23. Nc6 Rd6 24. Nxa7 Kf4 25. c4 Rd7
26. cxd5 Rxa7 27. dxe6 Rxa2 28. e7 Re8 29. Rd8 Rxe7 30. Rxe7 Rxb2 31. Rf8+
Kg5 32. Rxg7+ Kh5 33. Rf5+ {Black resigns} 1-0

[Event "ICC tourney 2050 (75 10)"]
[Site "Internet Chess Club"]
[Date "2020.10.11"]
[Round "6"]
[White "Dking135799"]
[Black "visdus"]
[Result "1-0"]
[ICCResult "Black resigns"]
[WhiteElo "2267"]
[BlackElo "2116"]
[Opening "King's Indian: East Indian defense"]
[ECO "A48"]
[NIC "QP.06"]
[Time "14:47:46"]
[TimeControl "4500+10"]

1. d4 Nf6 2. Nf3 g6 3. Nc3 Bg7 4. e4 d5 5. exd5 Nxd5 6. Nxd5 Qxd5 7. Be3 O-O
8. Be2 c5 9. c3 cxd4 10. Bxd4 Nc6 11. Bxg7 Qxd1+ 12. Rxd1 Kxg7 13. Nd4 Nxd4
14. Rxd4 e5 15. Rd6 Be6 16. a3 Rfd8 17. Rd2 Bd5 18. f3 a5 19. Bd3 f5 20. Bc2
Kf6 21. Kf2 Be6 22. Rhd1 Rxd2+ 23. Rxd2 Ke7 24. Ke3 Rc8 25. Bd3 b6 26. Ba6
Rc5 27. Kd3 Rd5+ 28. Kc2 Rxd2+ 29. Kxd2 Bd5 30. b4 e4 31. f4 e3+ 32. Kxe3
Bxg2 33. bxa5 bxa5 34. c4 Kd6 35. Kd4 Bc6 36. h4 Bg2 37. Bb5 Bb7 38. c5+ Kc7
39. Bc4 h6 40. Bf7 Be4 41. Bxg6 Kc6 42. Be8+ Kc7 43. Ke5 Kd8 44. Bg6
{Black resigns}
1-0

[Event "ICC tourney 2050 (75 10)"]
[Site "Internet Chess Club"]
[Date "2020.10.11"]
[Round "6"]
[White "HansNiemann"]
[Black "Openyagami"]
[Result "1/2-1/2"]
[ICCResult "Game drawn because neither player has mating material"]
[WhiteElo "2547"]
[BlackElo "2574"]
[Opening "Catalan: closed, main line"]
[ECO "E09"]
[NIC "QI.01"]
[Time "14:47:12"]
[TimeControl "4500+10"]

1. d4 Nf6 2. c4 e6 3. Nf3 d5 4. g3 Bb4+ 5. Bd2 Be7 6. Bg2 c6 7. O-O Nbd7 8.
Qc2 O-O 9. Bf4 Nh5 10. Bc1 Nhf6 11. Nbd2 b6 12. e4 dxc4 13. Nxc4 Ba6 14. b3
c5 15. dxc5 Rc8 16. cxb6 Nxb6 17. Rd1 Qc7 18. Bf4 Qc5 19. Nfe5 Bxc4 20. Nxc4
Nxc4 21. bxc4 Qxc4 22. Qxc4 Rxc4 23. e5 Ng4 24. h3 g5 25. Bxg5 Bxg5 26. hxg4
Rxg4 27. f4 Bd8 28. Kh2 Rg7 29. Rd6 Bb6 30. Rc1 h5 31. Kh3 Kh8 32. Rc2 Rfg8
33. Rd3 h4 34. gxh4 Rg4 35. Rf3 Bd8 36. Kh2 Bxh4 37. Bh3 Rxf4 38. Rxf4 Bg3+
39. Kh1 Bxf4 40. Rf2 Rg3 41. Bxe6 fxe6 42. Rxf4 Rh3+ 43. Kg1 Rg3+ 44. Kf1
Ra3 45. Rf6 Ra6 46. a4 Kg7 47. Ke2 Rxa4 48. Rxe6 Kf7 49. Rh6 Re4+ 50. Kd3
Rxe5 51. Rh7+ Ke6 52. Rxa7 Rd5+ 53. Ke4 Rd7 54. Rxd7 Kxd7
{Game drawn because neither player has mating material}
1/2-1/2

[Event "ICC tourney 2050 (75 10)"]
[Site "Internet Chess Club"]
[Date "2020.10.11"]
[Round "6"]
[White "BlueJay01"]
[Black "Terry1234"]
[Result "1/2-1/2"]
[ICCResult "Game drawn by mutual agreement"]
[WhiteElo "2089"]
[BlackElo "2226"]
[Opening "King's Indian: fianchetto, Yugoslav Panno"]
[ECO "E66"]
[NIC "KI.67"]
[Time "14:47:25"]
[TimeControl "4500+10"]

1. c4 g6 2. g3 Bg7 3. Bg2 Nf6 4. Nf3 O-O 5. O-O d6 6. Nc3 c5 7. d4 Nc6 8. d5
Na5 9. Qd3 a6 10. Nd2 b5 11. cxb5 axb5 12. Qxb5 Bd7 13. Qd3 Rb8 14. Nc4 Ne8
15. b3 Nxc4 16. bxc4 Nc7 17. Bd2 Na6 18. a3 Rb3 19. Qc2 Qb6 20. Rab1 Rb8 21.
Nb5 Rxb1 22. Rxb1 Nc7 23. a4 Na6 24. h4 Nb4 25. Qb3
{Game drawn by mutual agreement}
1/2-1/2

[Event "ICC tourney 2050 (75 10)"]
[Site "Internet Chess Club"]
[Date "2020.10.11"]
[Round "6"]
[White "shianen"]
[Black "BBCC2020"]
[Result "1/2-1/2"]
[ICCResult "Game drawn by mutual agreement"]
[WhiteElo "2204"]
[BlackElo "2205"]
[Opening "QGD: Ragozin variation"]
[ECO "D38"]
[NIC "NI.27"]
[Time "14:47:15"]
[TimeControl "4500+10"]

1. d4 d5 2. c4 e6 3. Nc3 Bb4 4. Nf3 Nf6 5. Bg5 h6 6. Bxf6 Qxf6 7. Qa4+ Nc6
8. e3 Qg6 9. Ne5 Qf6 10. cxd5 exd5 11. Bb5 Bxc3+ 12. bxc3 Bd7 13. Nxd7 Kxd7
14. c4 dxc4 15. Qxc4 a6 16. Bxc6+ bxc6 17. Rc1 Ra7 18. O-O Qe6 19. d5 cxd5
20. Rfd1 c6 21. e4 Rha8 22. exd5 cxd5 23. Rxd5+ Ke8 24. Qd4 Re7 25. h3 Kf8
26. Rd1 Rae8 {Game drawn by mutual agreement} 1/2-1/2

[Event "ICC tourney 2050 (75 10)"]
[Site "Internet Chess Club"]
[Date "2020.10.11"]
[Round "6"]
[White "MacDaddyMac"]
[Black "Enamul"]
[Result "1/2-1/2"]
[ICCResult "Game drawn by mutual agreement"]
[WhiteElo "2206"]
[BlackElo "2463"]
[Opening "Sicilian: closed"]
[ECO "B23"]
[NIC "SI.44"]
[Time "14:47:13"]
[TimeControl "4500+10"]

1. e4 c5 2. Nc3 a6 3. f4 b5 4. Nf3 Bb7 5. d3 e6 6. g3 d5 7. Qe2 Nf6 8. e5
Ng8 9. Bg2 Nh6 10. O-O Nc6 11. Nd1 Nf5 12. Be3 d4 13. Bf2 h5 14. Ng5 Be7 15.
Ne4 Qd7 16. a3 f6 17. exf6 gxf6 18. b4 cxb4 19. axb4 Kf7 20. Bf3 Rag8 21.
Bxh5+ Kf8 22. c3 Nh4 23. Kh1 f5 24. gxh4 fxe4 25. dxe4 d3 26. Qf3 Nd8 27.
Bg3 Rxh5 28. Qxh5 Bxe4+ 29. Kg1 Nf7 30. Rxa6 d2 31. Nf2 Bd5 32. Rd1 Qb7 33.
Ra5 Bf3 34. Qxb5 Qc7 35. Qd3 Qxf4 36. Kf1 Rxg3 37. hxg3 Qxg3 38. Rxd2 Bxh4
39. Ra7 Qg2+ 40. Ke1 Qg1+ 41. Qf1 Qg5 42. Qd3 {Game drawn by mutual
agreement} 1/2-1/2

[Event "ICC tourney 2050 (75 10)"]
[Site "Internet Chess Club"]
[Date "2020.10.11"]
[Round "6"]
[White "tacticsalk"]
[Black "MiamiBoy"]
[Result "1/2-1/2"]
[ICCResult "Game drawn by mutual agreement"]
[WhiteElo "2309"]
[BlackElo "2146"]
[Opening "QGD: classical variation (5.Bf4)"]
[ECO "D37"]
[NIC "QO.03"]
[Time "14:47:14"]
[TimeControl "4500+10"]

1. d4 Nf6 2. c4 e6 3. Nf3 d5 4. Nc3 Be7 5. Bf4 O-O 6. e3 c5 7. dxc5 Na6 8.
cxd5 Nxd5 9. Nxd5 exd5 10. Bxa6 Qa5+ 11. Nd2 Qxa6 12. Qe2 Qg6 13. O-O Bxc5
14. Rac1 Bb6 15. Nb3 Be6 16. Be5 Rac8 17. Bd4 Bf5 18. Rxc8 Rxc8 19. Rc1
Rxc1+ 20. Nxc1 Qc6 21. Nb3 Bc7 22. Qd2 b6 23. Qc3 Qd6 24. g3 f6 25. Nd2 Kf7
26. Qb3 Be6 27. Qc2 g6 28. Qc3 Bd8 29. Nf3 Bd7 30. Qd3 Bf5 31. Qa6 Qc7 32.
Bc3 Bc8 33. Qd3 Qc6 34. a3 Bf5 35. Nd4 Qc4 36. Qxc4 dxc4 37. Nxf5 gxf5 38.
Kg2 Ke6 39. Kf3 Kd5 40. Kf4 Ke6 41. e4 Bc7+ 42. Ke3 b5 43. Bd4 a6 44. f3
fxe4 45. Kxe4 f5+ 46. Ke3 Be5 47. f4 Bd6 48. h3 a5 49. Bb6 b4 50. Bxa5 bxa3
51. bxa3 Bxa3 52. Kd4 h5 53. Bd8 c3 54. Kxc3 Kd5 55. Kd3 Bc5 56. Bf6 Bf2 57.
Bh4 Bc5 58. Bg5 {Game drawn by mutual agreement} 1/2-1/2

[Event "ICC tourney 2050 (75 10)"]
[Site "Internet Chess Club"]
[Date "2020.10.11"]
[Round "6"]
[White "wolfchess1"]
[Black "spideydavey"]
[Result "1-0"]
[ICCResult "Black resigns"]
[WhiteElo "2095"]
[BlackElo "1806"]
[Opening "Sicilian: Kan, Maróczy bind (Réti variation)"]
[ECO "B41"]
[NIC "SI.41"]
[Time "14:47:43"]
[TimeControl "4500+10"]

1. e4 c5 2. Nf3 e6 3. d4 cxd4 4. Nxd4 a6 5. c4 Nf6 6. Nc3 Qc7 7. a3 d6 8.
Be2 b6 9. Be3 Bb7 10. f3 Nbd7 11. O-O Be7 12. Rc1 O-O 13. Qd2 Rac8 14. Rfd1
Qb8 15. b4 Rfd8 16. Nb3 Ba8 17. Kh1 Ne5 18. Na4 b5 19. cxb5 Rxc1 20. Rxc1
axb5 21. Nc3 Nc4 22. Bxc4 bxc4 23. Nd4 d5 24. exd5 Nxd5 25. Nxd5 Bxd5 26.
Qc3 Bf6 27. Qe1 Qa8 28. Nc2 Qa4 29. Qe2 Qb3 30. Rd1 c3 31. h3 Bc4 32. Rxd8+
Bxd8 33. Qd1 Bd5 34. Qc1 Bf6 35. Kg1 Qb2 36. Ne1 Qxc1 37. Bxc1 Bd4+ 38. Kh2
Bc4 39. g3 Bf2 40. Nc2 Bb3 41. Kg2 Bb6 42. Ne3 Kf8 43. Kf2 Ke7 44. Ke2 Bd4
45. Kd3 Bxe3 46. Bxe3 Bd1 47. Kxc3 Bxf3 48. b5 Kd7 49. Kd4 f6 50. Kc5 Kc7
51. a4 e5 52. a5 Kb7 53. a6+ Kc7 54. b6+ Kb8 55. b7 Kc7 56. Bd2 Bxb7 57.
axb7 Kxb7 58. Kd6 e4 59. Ke6 Kc6 60. Kf7 Kd5 61. Kxg7 f5 62. Kf6 e3 63. Bxe3
Ke4 64. Bf4 h5 65. h4 Kf3 66. Kxf5 {Black resigns} 1-0

[Event "ICC tourney 2050 (75 10)"]
[Site "Internet Chess Club"]
[Date "2020.10.11"]
[Round "6"]
[White "erickzhao"]
[Black "milindm"]
[Result "0-1"]
[ICCResult "White resigns"]
[WhiteElo "2290"]
[BlackElo "2275"]
[Opening "Sicilian: Taimanov variation"]
[ECO "B48"]
[NIC "SI.40"]
[Time "14:47:17"]
[TimeControl "4500+10"]

1. e4 c5 2. Nf3 e6 3. d4 cxd4 4. Nxd4 Nc6 5. Nc3 Qc7 6. Be3 a6 7. Qf3 Nf6 8.
O-O-O Ne5 9. Qg3 b5 10. f4 Neg4 11. e5 Nxe3 12. Qxe3 b4 13. Ne4 Nxe4 14.
Qxe4 Bb7 15. Qe3 Bc5 16. Bd3 Rc8 17. Be4 O-O 18. Kb1 Rfd8 19. Qf3 Bxe4 20.
Qxe4 d5 21. Qe2 a5 22. g4 a4 23. f5 Qb6 24. Qd3 Rd7 25. Nf3 Rdc7 26. Rhe1
Be7 27. Re2 a3 28. Nd4 axb2 29. Qb5 Rb7 30. Qxb6 Rxb6 31. Kxb2 Ra8 32. Rd3
Rba6 33. Kc1 Rxa2 34. Kd2 Rc8 35. Ke1 Ra6 36. Kf1 Rc4 37. h3 Bc5 38. Nf3 Ra2
39. fxe6 fxe6 40. Rdd2 h6 41. Ne1 Be7 42. Rg2 Ra1 43. Rde2 Rf4+ 44. Rgf2
Rxf2+ 45. Rxf2 Bh4 46. Re2 Kf7 47. Re3 Ke7 48. Re2 Kd7 49. Re3 Kc6 50. Re2
Kc5 51. Re3 Kc4 52. Re2 d4 53. Re4 Kc3 54. Re2 Rxe1+ 55. Rxe1 Bxe1 56. Kxe1
Kxc2 57. Ke2 d3+ {White resigns} 0-1

[Event "ICC tourney 2050 (75 10)"]
[Site "Internet Chess Club"]
[Date "2020.10.11"]
[Round "6"]
[White "kpthomas"]
[Black "Blue-Elephant1"]
[Result "0-1"]
[ICCResult "White resigns"]
[WhiteElo "2101"]
[BlackElo "2111"]
[Opening "Sicilian: closed"]
[ECO "B23"]
[NIC "SI.44"]
[Time "14:47:26"]
[TimeControl "4500+10"]

1. e4 c5 2. Nc3 e6 3. f4 d5 4. d3 Nf6 5. e5 Nfd7 6. Nf3 Nc6 7. g3 Be7 8. Bg2
b5 9. O-O b4 10. Ne2 a5 11. a4 Ba6 12. Be3 Qc7 13. Bf2 O-O 14. Re1 Rac8 15.
h4 Rfd8 16. Bh3 Bf8 17. Kg2 Bb7 18. Kh2 Ne7 19. Neg1 Nb6 20. c3 bxc3 21.
bxc3 Rb8 22. g4 Bc8 23. Bg3 d4 24. c4 Nc6 25. f5 Nb4 26. Ng5 h6 27. Ne4 Bd7
28. f6 g6 29. Bg2 Nxa4 30. h5 g5 31. Qd2 Bc6 32. Nxg5 hxg5 33. Qxg5+ Kh7 34.
Rxa4 Bh6 35. Qh4 Bxg2 36. g5 Bc6 37. Ra3 Nc2 {White resigns} 0-1

[Event "ICC tourney 2050 (75 10)"]
[Site "Internet Chess Club"]
[Date "2020.10.11"]
[Round "6"]
[White "DonaldJ"]
[Black "PawnEatingZombi"]
[Result "1/2-1/2"]
[ICCResult "Game drawn because neither player has mating material"]
[WhiteElo "2068"]
[BlackElo "2223"]
[Opening "Caro-Kann: advance variation"]
[ECO "B12"]
[NIC "CK.04"]
[Time "14:47:17"]
[TimeControl "4500+10"]

1. e4 c6 2. d4 d5 3. e5 Bf5 4. Nf3 e6 5. Be2 Nd7 6. O-O Bg6 7. b3 Nh6 8. c4
Nf5 9. Nc3 Bb4 10. Bd2 O-O 11. a3 Be7 12. g4 Nh6 13. Bxh6 gxh6 14. h4 Bxh4
15. Nxh4 Qxh4 16. Kg2 f6 17. f4 fxe5 18. dxe5 Kh8 19. Qd2 Nc5 20. Rh1 Qd8
21. f5 exf5 22. Qxh6 Rg8 23. g5 Ne6 24. cxd5 cxd5 25. Rad1 Qxg5+ 26. Qxg5
Nxg5 27. Nxd5 f4 28. Bd3 Bxd3 29. Rxd3 f3+ 30. Kf2 Rae8 31. Nf6 Rxe5 32.
Nxg8 Re2+ 33. Kf1 Kxg8 34. Rg1 h6 35. Rxf3 Ra2 36. Rd3 Rxa3 37. Rd8+ Kg7 38.
Rd7+ Kf6 39. Rxb7 Ra2 40. Rg4 h5 41. Ra4 Rb2 42. Raxa7 Ne4 43. b4 Kf5 44.
Ra5+ Kf4 45. Rf7+ Ke3 46. b5 Rb1+ 47. Kg2 Rb2+ 48. Kg1 Nd6 49. Re7+ Kd4 50.
Rd7 Kc5 51. b6+ Kc6 52. Rd8 Rxb6 53. Rxh5 Rb1+ 54. Kf2 Rb2+ 55. Ke3 Rb3+ 56.
Kd4 Rb4+ 57. Kc3 Rg4 58. Rh6 Rg3+ 59. Kd4 Rg4+ 60. Ke3 Rg3+ 61. Kf4 Rd3 62.
Ke5 Rd5+ 63. Ke6 Rd1 64. Ke7 Re1+ 65. Kf8 Rf1+ 66. Ke7 Re1+ 67. Re6 Rxe6+
68. Kxe6 Nb5 69. Rc8+ Nc7+ 70. Ke7 Kb7 71. Kd7 Nb5 72. Rc1 Kb6 73. Ke6 Nd4+
74. Kd5 Nb5 75. Rb1 Ka5 76. Kc5 Na3 77. Rb4 Nc2 78. Rb8 Ka4 79. Kc4 Na3+ 80.
Kc3 Nb5+ 81. Kc4 Na3+ 82. Kc5 Nc2 83. Rb7 Na3 84. Rb2 Ka5 85. Rb4 Nc2 86.
Rb3 Ka4 87. Kc4 Na3+ 88. Kc3 Nb5+ 89. Rxb5 Kxb5
{Game drawn because neither player has mating material}
1/2-1/2

[Event "ICC tourney 2050 (75 10)"]
[Site "Internet Chess Club"]
[Date "2020.10.11"]
[Round "6"]
[White "creepycrawlies"]
[Black "espark"]
[Result "0-1"]
[ICCResult "White checkmated"]
[WhiteElo "2133"]
[BlackElo "2323"]
[Opening "Queen's Indian accelerated"]
[ECO "A50"]
[NIC "QP.07"]
[Time "14:47:20"]
[TimeControl "4500+10"]

1. d4 Nf6 2. c4 b6 3. Nc3 Bb7 4. Qc2 d5 5. cxd5 Nxd5 6. e4 Nxc3 7. bxc3 e5
8. dxe5 Nd7 9. Nf3 Qe7 10. Bf4 O-O-O 11. Rd1 Nc5 12. Rxd8+ Qxd8 13. Nd2 g5
14. Bg3 Bg7 15. Bc4 Qe7 16. f3 h5 17. Nb3 Bxe5 18. Bxe5 Qxe5 19. Bxf7 g4 20.
Nxc5 Qxc5 21. Qd2 Qe7 22. Bb3 gxf3 23. gxf3 Bxe4 24. Qe3 Qh4+ 25. Kd2 Bb7
26. Kc1 Rf8 27. Rg1 Qf4 28. Qxf4 Rxf4 29. Rg8+ Kd7 30. Rg7+ Kd6 31. Rg6+ Ke5
32. Re6+ Kf5 33. Re7 Rxf3 34. Rxc7 Be4 35. Rxa7 Rxc3+ 36. Kb2 Rf3 37. Ka3
Kg4 38. Kb4 Kh3 39. Bd1 Rf5 40. Ra6 h4 41. Rxb6 Rf4 42. Kc5 Kxh2 43. a4 h3
44. a5 Kg1 45. Rb4 h2 46. Rxe4 Rf5+ 47. Kb6 h1=Q 48. Re1+ Rf1 49. Rxf1+ Kxf1
50. Ba4 Qg1+ 51. Kb7 Qg7+ 52. Kb6 Qd4+ 53. Kb5 Ke2 54. a6 Kd3 55. Ka5 Qc5+
56. Bb5+ Kc3 57. Ka4 Qb4# {White checkmated} 0-1

[Event "ICC tourney 2050 (75 10)"]
[Site "Internet Chess Club"]
[Date "2020.10.11"]
[Round "6"]
[White "zuz1209"]
[Black "WonderZ"]
[Result "1/2-1/2"]
[ICCResult "Game drawn by mutual agreement"]
[WhiteElo "2225"]
[BlackElo "2109"]
[Opening "Sicilian: Richter-Rauzer, Podebrady variation"]
[ECO "B62"]
[NIC "SI.27"]
[Time "14:47:16"]
[TimeControl "4500+10"]

1. e4 c5 2. Nf3 d6 3. d4 cxd4 4. Nxd4 Nf6 5. Nc3 Nc6 6. Bg5 e6 7. Nb3 Be7 8.
Be2 a6 9. a4 Qc7 10. O-O h6 11. Be3 b6 12. f4 Bb7 13. Kh1 Nb4 14. f5 exf5
15. exf5 h5 16. a5 b5 17. Bb6 Qd7 18. Bf3 h4 19. Nd4 h3 20. g3 O-O 21. Bxb7
Qxb7+ 22. Qf3 Qxf3+ 23. Rxf3 Nd7 24. Ne4 d5 25. Nf2 Bf6 26. c3 Nxb6 27. axb6
Bxd4 28. b7 Ra7 29. cxd4 Rxb7 30. Nxh3 Re8 31. Rb3 Nc2 32. Rxa6 Rbe7 33. Nf4
Nxd4 34. Rd3 Nxf5 35. Rb6 d4 36. Rxb5 Re1+ 37. Kg2 g6 38. Rxf5 gxf5 39. Rxd4
Rb1 40. b4 Rb2+ 41. Kh3 Kg7 42. Kh4 Re4 43. Rd6 f6 44. Kh3 Rexb4 45. Nh5+
Kg6 46. Nxf6 Ra4 47. Nd5+ Kg7 48. Ne7 Rf2 49. Rd5 Kf6 50. Ng8+ Kf7 51. Nh6+
Kg6 52. Rd6+ Kg7 53. Rb6 Raa2 54. Kh4 f4 55. Nf5+ Kf7 56. gxf4 Rxh2+ 57. Kg3
Rag2+ 58. Kf3 Rf2+ 59. Kg4 {Game drawn by mutual agreement} 1/2-1/2

[Event "ICC tourney 2050 (75 10)"]
[Site "Internet Chess Club"]
[Date "2020.10.11"]
[Round "6"]
[White "TjkTiger"]
[Black "PeterProhaszka"]
[Result "1/2-1/2"]
[ICCResult "Game drawn by repetition"]
[WhiteElo "2601"]
[BlackElo "2631"]
[Opening "QGD: exchange, positional line, 5...c6"]
[ECO "D35"]
[NIC "QO.16"]
[Time "14:48:03"]
[TimeControl "4500+10"]

1. c4 e6 2. Nc3 d5 3. d4 Nf6 4. cxd5 exd5 5. Bg5 c6 6. e3 Be7 7. Bd3 Nbd7 8.
h3 Nf8 9. Nf3 Ne6 10. Bh4 g6 11. O-O Ng7 12. b4 a6 13. Rb1 Nf5 14. Bg5 Ne4
15. Bxe7 Qxe7 16. Bxe4 dxe4 17. Nd2 Nd6 18. Qc2 O-O 19. Ncxe4 Bf5 20. Qc5
Rfd8 21. Nxd6 Bxb1 22. Nxb7 Qxb7 23. Rxb1 Qb5 24. Nb3 Qxc5 25. Nxc5 Rdb8 26.
a4 a5 27. b5 Rb6 28. Nd7 Rb7 29. Nf6+ Kg7 30. Ne4 cxb5 31. Nd6 Rd7 32. Nxb5
Rc8 33. Rb2 Rc4 34. Ra2 Rd8 35. g4 Kf6 36. Kg2 Ke7 37. Ra3 Rdc8 38. e4 Rb4
39. e5 Rcc4 40. d5 Rxa4 41. Rd3 Kd7 42. Nd6 Rd4 43. Re3 Rxd5 44. Nxf7 Ke7
45. Ng5 h6 46. Nf3 Rb4 47. Nh4 Rb6 48. f4 a4 49. f5 gxf5 50. Nxf5+ Ke8 51.
Ng7+ Ke7 52. Nf5+ Kf7 53. Kf2 Rd2+ 54. Kf3 Ke6 55. Ng7+ Ke7 56. Nf5+ Kd7 57.
h4 Rc2 58. e6+ Ke8 59. e7 Rc8 60. Ng7+ Kf7 61. e8=Q+ Rxe8 62. Nxe8 a3 63.
Rxa3 Kxe8 64. Ra7 Kf8 65. Kf4 Kg8 66. Rd7 Rb4+ 67. Kf5 Rb5+ 68. Kf6 Rb6+ 69.
Ke5 Rb4 70. Rd4 Rb5+ 71. Rd5 Rb4 72. Kf5 Kg7 73. Rd7+ Kg8 74. Re7 Ra4 75.
Re4 Ra5+ 76. Kf6 Ra6+ 77. Re6 Ra4 78. Re8+ Kh7 79. Re7+ Kg8 80. Kf5 Rb4 81.
h5 Rb5+ 82. Re5 Rb4 83. Re4 Rb5+ 84. Kf6 Rg5 85. Rf4 Kh7 86. Kf7 Rg7+ 87.
Kf8 Rg8+ 88. Ke7 Rg5 89. Rb4 Kg7 90. Ke6 Kh7 91. Kf6 Kg8 92. Rb8+ Kh7 93.
Rb7+ Kg8 94. Rb8+ Kh7 95. Rb7+ Kg8 96. Rb8+ Kh7 {Game drawn by repetition}
1/2-1/2

[Event "ICC tourney 2050 (75 10)"]
[Site "Internet Chess Club"]
[Date "2020.10.11"]
[Round "7"]
[White "BBCC2020"]
[Black "InfernoKing"]
[Result "0-1"]
[ICCResult "White resigns"]
[WhiteElo "2179"]
[BlackElo "2178"]
[Opening "King's Indian: 4.e4"]
[ECO "E70"]
[NIC "KI.31"]
[Time "18:34:35"]
[TimeControl "4500+10"]

1. d4 Nf6 2. c4 g6 3. Nc3 Bg7 4. e4 d6 5. Bd3 O-O 6. Nge2 e5 7. d5 Nh5 8.
O-O f5 9. exf5 gxf5 10. f3 a5 11. Be3 Na6 12. a3 Nc5 13. Bc2 b6 14. b4 Nd7
15. Bd3 e4 16. fxe4 f4 17. Bd4 Ne5 18. Kh1 Bg4 19. Qd2 f3 20. Ng1 Qh4 21.
Bf2 fxg2+ 22. Kxg2 Bf3+ 23. Nxf3 Qg4+ 24. Bg3 Nxg3 25. hxg3 Rxf3 {White
resigns} 0-1

[Event "ICC tourney 2050 (75 10)"]
[Site "Internet Chess Club"]
[Date "2020.10.11"]
[Round "7"]
[White "Terry1234"]
[Black "DonaldJ"]
[Result "1-0"]
[ICCResult "Black checkmated"]
[WhiteElo "2237"]
[BlackElo "2036"]
[Opening "Grünfeld: modern exchange variation"]
[ECO "D85"]
[NIC "GI.04"]
[Time "18:35:12"]
[TimeControl "4500+10"]

1. d4 Nf6 2. c4 g6 3. Nc3 d5 4. cxd5 Nxd5 5. e4 Nxc3 6. bxc3 Bg7 7. Nf3 c5
8. Rb1 O-O 9. Be2 Nc6 10. d5 Ne5 11. Nxe5 Bxe5 12. Qd2 e6 13. f4 Bc7 14. O-O
exd5 15. exd5 Ba5 16. d6 Rb8 17. Ba3 Qf6 18. d7 Bxd7 19. Qxd7 Qxc3 20. Rb3
Qc2 21. Qd3 Qxd3 22. Bxd3 Rfc8 23. Rc1 Bd2 24. Rc2 Be3+ 25. Kf1 a6 26. Bxa6
Bxf4 27. Bxb7 c4 28. Rf3 Rxb7 29. Rxf4 Ra8 30. Bc5 c3 31. a3 Rd8 32. Rd4
Rb1+ 33. Ke2 Re8+ 34. Kd3 Rh1 35. h3 f5 36. Kxc3 Rc8 37. Kc4 Ra1 38. Rd3 Rb1
39. a4 Rbb8 40. Ra2 Ra8 41. a5 Ra6 42. Kb5 Re6 43. a6 Rb8+ 44. Kc4 Re4+ 45.
Rd4 Re1 46. a7 Rc1+ 47. Kd5 Rd8+ 48. Kc6 Rc8+ 49. Kb6 Rb1+ 50. Rb4 Rxb4+ 51.
Bxb4 f4 52. a8=Q Rxa8 53. Rxa8+ Kf7 54. Kc5 g5 55. Kd5 h5 56. Ke5 Kg6 57.
Rg8+ Kh6 58. Kf5 f3 59. gxf3 Kh7 60. Rxg5 h4 61. Rh5+ Kg7 62. Rxh4 Kg8 63.
Rg4+ Kf7 64. h4 Ke8 65. h5 Kf7 66. h6 Ke8 67. h7 Kf7 68. Ba3 Ke8 69. h8=Q+
Kd7 70. Rd4+ Kc6 71. Qe5 Kb6 72. Rd6+ Kc7 73. Qe7+ Kc8 74. Rd8#
{Black checkmated}
1-0

[Event "ICC tourney 2050 (75 10)"]
[Site "Internet Chess Club"]
[Date "2020.10.11"]
[Round "7"]
[White "funplaychess"]
[Black "Kyle2007"]
[Result "1-0"]
[ICCResult "Black resigns"]
[WhiteElo "2340"]
[BlackElo "2025"]
[Opening "Nimzo-Indian: Kmoch variation"]
[ECO "E20"]
[NIC "NI.30"]
[Time "18:34:06"]
[TimeControl "4500+10"]

1. d4 Nf6 2. c4 e6 3. Nc3 Bb4 4. f3 d5 5. a3 Be7 6. e4 dxe4 7. fxe4 e5 8. d5
Bc5 9. Nf3 Bg4 10. h3 Bxf3 11. Qxf3 O-O 12. Bg5 Nbd7 13. O-O-O Qe7 14. Ne2
h6 15. Bh4 a5 16. g4 Qd6 17. Ng3 Nh7 18. Nf5 Qg6 19. Bg3 Ng5 20. Qg2 Nf6 21.
Bd3 Rfe8 22. Kb1 Ra6 23. h4 Ngh7 24. Be2 Nxg4 25. h5 Qg5 26. Bh4 Ne3 27.
Nxe3 Qxe3 28. Rh3 Qf4 29. Rf1 Qd2 30. Rd3 {Black resigns} 1-0

[Event "ICC tourney 2050 (75 10)"]
[Site "Internet Chess Club"]
[Date "2020.10.11"]
[Round "7"]
[White "espark"]
[Black "JasonModer"]
[Result "1/2-1/2"]
[ICCResult "Game drawn by mutual agreement"]
[WhiteElo "2322"]
[BlackElo "2506"]
[Opening "Sicilian: Kan, Maróczy bind (Réti variation)"]
[ECO "B41"]
[NIC "SI.41"]
[Time "18:34:10"]
[TimeControl "4500+10"]

1. e4 c5 2. Nf3 e6 3. d4 cxd4 4. Nxd4 a6 5. c4 Nf6 6. Nc3 Bb4 7. Nc2 Bxc3+
8. bxc3 Qa5 9. Qd3 Qe5 10. f3 d5 11. Qd4 Qxd4 12. cxd4 dxe4 13. fxe4 Nxe4
14. Bd3 Nf6 15. Ba3 Nbd7 16. O-O b6 17. Rae1 Bb7 18. d5 O-O-O
{Game drawn by mutual agreement}
1/2-1/2

[Event "ICC tourney 2050 (75 10)"]
[Site "Internet Chess Club"]
[Date "2020.10.11"]
[Round "7"]
[White "tcao"]
[Black "tacticsalk"]
[Result "0-1"]
[ICCResult "White resigns"]
[WhiteElo "2054"]
[BlackElo "2323"]
[Opening "Giuoco Piano"]
[ECO "C50"]
[NIC "IG.02"]
[Time "18:34:05"]
[TimeControl "4500+10"]

1. e4 e5 2. Nf3 Nc6 3. Bc4 Bc5 4. O-O Nf6 5. d3 d6 6. c3 h6 7. b4 Bb6 8. a4
a5 9. b5 Ne7 10. Re1 Ng6 11. d4 O-O 12. h3 Re8 13. Qb3 Be6 14. Bxe6 Rxe6 15.
d5 Re8 16. Be3 Bxe3 17. Rxe3 Nd7 18. Nbd2 Ne7 19. Ree1 Nc5 20. Qc2 Rf8 21.
Nb3 Nd7 22. c4 b6 23. Nbd2 f5 24. exf5 Nxf5 25. Nf1 Nc5 26. Ne3 Nd4 27. Nxd4
exd4 28. Nf1 Qf6 29. Ra2 d3 30. Qb2 Qxb2 31. Rxb2 Nxa4 32. Ra2 Nc3 33. Ra3
Ne2+ 34. Kh2 Rxf2 35. Rxd3 Rxg2+ 36. Kxg2 Nf4+ {White resigns} 0-1